 Dungeon Crawl Stone Soup version 0.31-a0-267-g3fc6992b3b (webtiles) character file.

Game seed: 13336983570606948654

50 qw the Shooter (level 3, -1/29 HPs)
             Began as a Minotaur Hexslinger on July 14, 2023.
             Slain by an orc wizard
             ... wielding a +0 dagger of electrocution
              (2 damage)
             ... on level 2 of the Dungeon.
             The game lasted 00:00:35 (1674 turns).

qw the Shooter (Minotaur Hexslinger)                Turns: 1674, Time: 00:00:36

Health: -1/29      AC:  7    Str: 12    XL:     3   Next: 55%
Magic:  3/3        EV: 11    Int: 10    God:
Gold:   66         SH:  0    Dex: 14    Spells: 3/4 levels left

rFire   . . .        Y - +1 sling (flame)
rCold   . . .        (no shield)
rNeg    + . .        i - +0 ring mail
rPois   .            (helmet restricted)
rElec   .            f - +1 cloak
rCorr   .            (no gloves)
SInv    .            (no boots)
Will    .....        l - amulet of the acrobat
Stlth   +            k - ring of positive energy
HPRegen 0.24/turn    (no ring)
MPRegen 0.08/turn

%: acrobat
@: no status effects
A: horns 2, retaliatory headbutt, MP-powered wands
a: no special abilities


You were on level 2 of the Dungeon.
You visited 1 branch of the dungeon, and saw 3 of its levels.

You collected 90 gold pieces.
You spent 24 gold pieces at shops.


Innate Abilities, Weirdness & Mutations

You have a pair of horns on your head.
You reflexively headbutt those who attack you in melee.
You expend magic power (3 MP) to strengthen your wands.


   Skills:
 - Level 2.0 Fighting
 - Level 4.0 Ranged Weapons
 + Level 0.7 Armour
 - Level 2.1 Dodging
 - Level 1.0 Spellcasting
 - Level 2.0 Hexes


You had 3 spell levels left.
You knew the following spells:

 Your Spells              Type           Power      Damage    Failure   Level
a - Slow                  Hex            16%        N/A       34%         1

Your spell library contained the following spells:

 Spells                   Type           Power      Damage    Failure   Level
 Inner Flame              Hex/Fire       2%         N/A       83%         3
 Portal Projectile        Hex/Tloc       4%         N/A       83%         3
 Cause Fear               Hex            2%         N/A       98%         4

Inventory:

Hand Weapons
 Y - a +1 sling of flaming (weapon)
Armour
 f - a +1 cloak (worn)
 i - a +0 ring mail (worn)
Jewellery
 k - a ring of positive energy (left hand)
 l - an amulet of the acrobat (around neck)
Scrolls
 a - a scroll of identify
Potions
 e - a potion of mutation
 h - a potion of might

Dungeon Overview and Level Annotations

Branches:
Dungeon (3/15)

Altars:

Shops:
D:2 :=?:*


Message History

The orc wizard is moderately wounded.
The giant cockroach bites you but does no damage.
The orc wizard points at you and mumbles some strange words.
You are confused.
The orc priest hits you but does no damage.
The giant cockroach barely misses you. The orc wizard closely misses you.
The orc priest misses you. The giant cockroach closely misses you.
The orc wizard closely misses you.
The orc priest hits you but does no damage.
The giant cockroach closely misses you.
The giant cockroach completely misses you.
The orc wizard gestures at you while chanting.
You resist with significant effort.
The orc priest calls upon Beogh to heal the orc wizard.
The orc wizard's wounds heal themselves!
The giant cockroach misses you. The orc wizard barely misses you.
The orc priest misses you.
You feel less confused.
The giant cockroach bites you but does no damage.
The orc wizard hits you but does no damage.
The orc priest completely misses you.
The giant cockroach waves its antennae.
The giant cockroach completely misses you.
You shoot a sling bullet. The sling bullet hits the orc wizard.
The sling bullet burns the orc wizard.
The orc wizard is heavily wounded.
The orc wizard gestures wildly while chanting.
The orc wizard flickers and vanishes!
Deactivating autopickup; reactivate with Ctrl-A.
The orc priest barely misses you. The giant cockroach bites you.
You shoot a sling bullet. The sling bullet hits the orc priest.
The sling bullet burns the orc priest.
The orc priest is lightly wounded.
The giant cockroach bites you but does no damage.
Something hits you.
You are electrocuted!
The orc priest hits you but does no damage.
The giant cockroach bites you but does no damage.
Something hits you.
You die...

.##~7..~~~7##.~~.#¤¤¤.###
.#####.###.#.##~~.#¤¤~~.# ##
#.....##.######¤~#.#
#####.###.# #~~~##.#
#.##.##~~~####.#
########.#~.##### ##.#
#.........~~.#######..#### #
#.........~....{.........#
###.........#..B@[.........#
............#....o)........#
...........................#
~..........................#
~.#...............#.##.#####
..#.................##.######
..#...............##........#
..###......#......##........#
#...#.##.#........##........#


You could see an orc priest and a giant cockroach.

Vanquished Creatures
  An adder (D:2)
  A dart slug (D:2)
  2 orcs
  6 bats
  5 endoplasms
  A giant cockroach (D:1)
  2 goblins
  2 hobgoblins (D:1)
  3 kobolds
  4 quokkas
  3 ball pythons
  2 frilled lizards
  2 rats (D:1)
34 creatures vanquished.

Notes
Turn   | Place    | Note
-------+----------+-------------------------------------------
     0 | D:1      | qw the Minotaur Hexslinger began the quest for the Orb.
     0 | D:1      | Reached XP level 1. HP: 16/16 MP: 1/1
     0 | D:1      | 0 ||| qw: Version: 0.3-a-52-g30416fa
     0 | D:1      | 0 ||| qw: Game counter: 7823
     0 | D:1      | 0 ||| qw: Melee chars always use a shield: true
     0 | D:1      | 0 ||| qw: God list: Okawaru
     0 | D:1      | 0 ||| qw: Allow faded altars: false
     0 | D:1      | 0 ||| qw: Do Orc after clearing Dungeon:15 true
     0 | D:1      | 0 ||| qw: Do second Lair branch before Depths: true
     0 | D:1      | 0 ||| qw: Lair rune preference: random
     0 | D:1      | 0 ||| qw: Goals: Normal
     0 | D:1      | 0 ||| PLANNING D:1-11
   104 | D:1      | Found a faded altar of an unknown god.
   343 | D:1      | Reached skill level 3 in Ranged Weapons
   348 | D:1      | Reached XP level 2. HP: 23/23 MP: 2/2
   937 | D:1      | 937 ||| UPGRADING to +0 leather armour.
   947 | D:1      | 947 ||| DROPPING +0 robe.
   948 | D:1      | 948 ||| UPGRADING to +1 cloak.
   953 | D:1      | 953 ||| UPGRADING to amulet of the acrobat.
   958 | D:1      | 958 ||| UPGRADING to ring of positive energy.
   959 | D:1      | 959 ||| READING scroll labelled ZEOCSU SUXZIDI.
   960 | D:1      | 960 ||| READING scroll labelled QOTZIODOUW.
   961 | D:1      | 961 ||| READING scroll labelled URA TUTHEEV.
   962 | D:1      | 962 ||| READING scroll labelled YVI EFAAC FICEARA.
   963 | D:1      | 963 ||| DRINKING 2 smoky coppery potions.
   963 | D:1      | Gained mutation: You have sharp fingernails. [potion of
                  | mutation]
   963 | D:1      | Gained mutation: You expend magic power (3 MP) to
                  | strengthen your wands. [potion of mutation]
   963 | D:1      | Lost mutation: You have sharp fingernails. [potion of
                  | mutation]
   964 | D:1      | 964 ||| DROPPING scroll of poison.
  1058 | D:2      | Found Suirch's Magic Scroll Shop.
  1074 | D:2      | 1074 ||| SHOPLISTING 3 scrolls of enchant weapon (270 gold,
                  | have 47).
  1074 | D:2      | 1074 ||| SHOPLISTING scroll of acquirement (624 gold, have
                  | 47).
  1074 | D:2      | 1074 ||| SHOPLISTING scroll of brand weapon (114 gold, have
                  | 47).
  1074 | D:2      | 1074 ||| SHOPLISTING scroll of enchant weapon (90 gold,
                  | have 47).
  1074 | D:2      | 1074 ||| BUYING scroll of identify (24 gold).
  1074 | D:2      | Bought a scroll of identify for 24 gold pieces
  1074 | D:2      | 1074 ||| SHOPLISTING scroll of identify (24 gold, have 23).
  1119 | D:2      | Reached XP level 3. HP: 29/29 MP: 3/3
  1287 | D:2      | Found Wirizeim's General Store.
  1296 | D:2      | 1296 ||| SHOPLISTING +0 ring mail (48 gold, have 41).
  1296 | D:2      | 1296 ||| SHOPLISTING potion of haste (120 gold, have 41).
  1296 | D:2      | 1296 ||| SHOPLISTING potion of heal wounds (60 gold, have
                  | 41).
  1329 | D:2      | Found Kuptumop's Book Emporium.
  1360 | D:2      | Found Pitadu Kyty's Jewellery Emporium.
  1368 | D:2      | 1368 ||| SHOPLISTING +5 ring of evasion (504 gold, have
                  | 41).
  1368 | D:2      | 1368 ||| SHOPLISTING ring of ice (350 gold, have 41).
  1368 | D:2      | 1368 ||| SHOPLISTING ring of poison resistance (280 gold,
                  | have 41).
  1368 | D:2      | 1368 ||| SHOPLISTING ring of protection from fire (350
                  | gold, have 41).
  1368 | D:2      | 1368 ||| SHOPLISTING ring of see invisible (210 gold, have
                  | 41).
  1376 | D:2      | Reached skill level 4 in Ranged Weapons
  1469 | D:2      | Found Aputuevy's Book Shoppe.
  1563 | D:2      | 1563 ||| UPGRADING to +0 ring mail.
  1573 | D:2      | 1573 ||| DROPPING +0 leather armour.
  1574 | D:2      | 1574 ||| READING 2 scrolls labelled NUEQ TEMPUMU.
  1575 | D:2      | 1575 ||| READING scroll labelled URESUW INNAFF.
  1576 | D:2      | 1576 ||| READING 4 scrolls of identify.
  1576 | D:2      | 1576 ||| IDENTIFYING red potion
  1577 | D:2      | 1577 ||| READING 3 scrolls of identify.
  1577 | D:2      | 1577 ||| IDENTIFYING bubbling puce potion
  1578 | D:2      | 1578 ||| READING 2 scrolls of identify.
  1578 | D:2      | 1578 ||| IDENTIFYING brown potion
  1579 | D:2      | 1579 ||| DROPPING scroll of fog.
  1580 | D:2      | 1580 ||| DROPPING potion of lignification.
  1600 | D:3      | 1600 ||| STAIRDANCE
  1649 | D:3      | 1649 ||| STAIRDANCE
  1664 | D:3      | 1664 ||| STAIRDANCE
  1666 | D:2      | 1666 ||| DRINKING potion of curing.
  1666 | D:2      | 1666 ||| (to cure confusion)
  1674 | D:2      | HP: 1/29 [something (9)]
  1674 | D:2      | Slain by an orc wizard

Levels and vault maps discovered:
D:1:      heliophobic_arrival_enchanted_forest, layout_basic,
          ebering_ecumenical_altar_box, grunt_decor_cap, minivault_23,
          minmay_tall_x
D:2:      layout_rooms, serial_shops, nicolae_shop_real_fake_doors, shop,
          nicolae_shop_crystal, nicolae_shop_pleasant_corner_grove,
          nicolae_shop_crystal, serial_rivers, chequers_serial_rivers_micro_e,
          chequers_serial_rivers_small_b, chequers_serial_rivers_micro_c,
          chequers_serial_rivers_room_b, chequers_serial_rivers_marsh,
          chequers_serial_rivers_small_3
D:3:      layout_rooms, nicolae_gozag_zags_fifth_avenue, grunt_dithmenos_smoke,
          nicolae_ru_path_of_blood

Skill      XL: |  1  2  3 |
---------------+----------+-----
Ranged Weapons | 3 4 |  4.0
Fighting       | 2 |  2.0
Armour         | |  0.7
Dodging        | |  2.1
Spellcasting   | |  1.0
Hexes          | |  2.0

Action                     || total
---------------------------++-------
   Fire: Sling             ||    90
    Use: Scroll            ||     9
         Potion            ||     2
 Armour: Robe              ||     5
         Ring mail         ||    15
  Dodge: Dodged            ||    41

Table legend:
 A = Non-vault XP
 B = Vault XP
 C = Vault XP percentage of total XP
 D = Non-vault monster count
 E = Vault monster count
 F = Vault count percentage of total count
                 A         B        C        D         E       F
            +---------+---------+-------+---------+---------+-------
      Total |      65 |       7 |   9.7 |      30 |       4 |  11.8
            +---------+---------+-------+---------+---------+-------
        D:1 |      22 |       7 |  24.1 |      14 |       4 |  22.2
        D:2 |      38 |       0 |   0.0 |      14 |       0 |   0.0
        D:3 |       5 |       0 |   0.0 |       2 |       0 |   0.0
            +---------+---------+-------+---------+---------+-------
